 Dungeon Crawl Stone Soup version 0.27.0-1-g7a089689b8 (webtiles) character file.

Game seed: 10160330493603907733

653 trckry the Cudgeller (level 7, -6/43 HPs)
             Began as a Human Wanderer on Aug 8, 2021.
             Was a Believer of Hepliaklqana.
             Killed from afar by a steam dragon (17 damage)
             ... with a ball of steam
             ... on level 5 of the Dungeon.
             The game lasted 00:09:59 (6616 turns).

trckry the Cudgeller (Human Wanderer)               Turns: 6616, Time: 00:10:00

Health: -6/43      AC:  6    Str: 15    XL:     7   Next: 84%
Magic:  8/8        EV:  8    Int: 13    God:    Hepliaklqana [**....]
Gold:   278        SH:  9    Dex:  9    Spells: 7/8 levels left

rFire    . . .     SeeInvis .   a - +0 hand axe
rCold    . . .     Faith    .   j - +0 kite shield
rNeg     . . .     Spirit   .   b - +0 ring mail
rPois    +         Reflect  .   (no helmet)
rElec    .         Harm     .   (no cloak)
rCorr    .         Rampage  .   (no gloves)
Will     +....                  q - +0 pair of boots
Stlth    ..........             (no amulet)
HPRegen  0.14/turn              y - ring "Xuink" {Ice rPois Will+ Dex-2}
MPRegen  0.11/turn              c - ring of fire

@: no status effects
A: reduced essence
a: Renounce Religion, Ancestor Life: Knight, Ancestor Life: Battlemage, Ancestor
Life: Hexer, Recall Ancestor, Ancestor Identity


You were on level 5 of the Dungeon.
You worshipped Hepliaklqana.
Hepliaklqana was pleased with you.
You visited 2 branches of the dungeon, and saw 6 of its levels.

You collected 278 gold pieces.

Inventory:

Hand Weapons
 a - a +0 hand axe (weapon)
Missiles
 k - 5 atropa-tipped darts
 s - 20 poisoned darts (quivered)
Armour
 b - a +0 ring mail (worn)
 j - a +0 kite shield (worn)
 q - a +0 pair of boots (worn)
Jewellery
 c - a ring of fire (right hand)
 m - a ring of positive energy
 v - a ring of wizardry
 w - an amulet of magic regeneration
 y - the ring "Xuink" (left hand) {Ice rPois Will+ Dex-2}
   (You took it off an orc on level 5 of the Dungeon)

   [ring of ice]

   It enhances your ice magic.
   Dex:       It affects your dexterity (-2).
   rF:        It makes you vulnerable to fire.
   rC:        It protects you from cold.
   rPois:     It protects you from poison.
   Will:      It increases your willpower.
Scrolls
 d - 2 scrolls of enchant armour {unknown}
 e - 2 scrolls of enchant weapon {unknown}
 g - 2 scrolls of identify {unknown}
 h - 2 scrolls of fog {unknown}
 i - a scroll of amnesia {unknown}
 l - 2 scrolls of acquirement {unknown}
 n - a scroll of silence {unknown}
 p - 3 scrolls of vulnerability {unknown}
 t - a scroll of magic mapping {unknown}
 u - a scroll of blinking {unknown}
Potions
 f - 3 potions of heal wounds
 o - a potion of lignification {unknown}
 r - a potion of degeneration {unknown}
 x - a potion of berserk rage {unknown}


   Skills:
 - Level 1.0 Fighting
 - Level 1.0(4.2) Axes
 * Level 6.6(6.7) Maces & Flails
 - Level 1.0 Armour
 + Level 4.5 Shields
 - Level 1.0 Spellcasting
 - Level 3.0 Summonings
 - Level 1.0 Ice Magic


You had 7 spell levels left.
You knew the following spells:

 Your Spells              Type           Power      Damage    Failure   Level
a - Magic Dart            Conj           0%         1d3       91%         1

Your spell library contained the following spells:

 Spells                   Type           Power      Damage    Failure   Level
 Call Imp                 Summ           8%         N/A       67%         2
 Blink                    Tloc           N/A        N/A       97%         2
 Slow                     Hex            0%         N/A       97%         2
 Conjure Flame            Conj/Fire      0%         6-21      99%         3
 Dazzling Flash           Conj/Hex       0%         N/A       99%         3
 Mephitic Cloud           Conj/Pois/Air  0%         N/A       99%         3
 Iskenderun's Mystic Bla  Conj/Tloc      0%         2d3       100%        4
 Starburst                Conj/Fire      0%         8x6d3     100%        6


Dungeon Overview and Level Annotations

Branches:
Dungeon (5/15)             Temple (1/1) D:4

Altars:
Ashenzari
Cheibriados
Dithmenos
Elyvilon
Fedhas
Gozag
Hepliaklqana
Makhleb
Nemelex Xobeh
Okawaru
Qazlal
Ru
Sif Muna
Trog
Uskayaw
Vehumet
Wu Jian
Xom
Yredelemnul
Zin
The Shining One

Shops:
D:4 *

Annotations:
D:5 2 runed translucent doors


Message History

The steam dragon is moderately wounded.
You are engulfed in a cloud of scalding steam.
Ku-aya barely misses the steam dragon.
The steam dragon bites you. You block the steam dragon's attack.
You take 12 damage, and have 26/43 hp.
MASSIVE DAMAGE!!
Ku-aya misses the steam dragon.
The steam dragon bites Ku-aya.
The steam dragon claws Ku-aya.
Ku-aya hits the steam dragon but does no damage.
You block the steam dragon's attack. x2
You hit the steam dragon.
The steam dragon is heavily wounded.
Ku-aya hits the steam dragon but does no damage.
The steam dragon breathes steam at you. The ball of steam hits you.
You take 6 damage, and have 20/43 hp.
Ku-aya closely misses the steam dragon.
You block the steam dragon's attack. The steam dragon barely misses you.
Found a scroll labelled YDYAQU OTYMOEG.
Ku-aya hits the steam dragon but does no damage.
The steam dragon completely misses you. You block the steam dragon's attack.
Ku-aya completely misses the steam dragon.
The steam dragon bites you. The steam dragon claws you.
You take 8 damage, and have 13/43 hp.
You slash the steam dragon!
The steam dragon is severely wounded.
Ku-aya closely misses the steam dragon.
You block the steam dragon's attack. The steam dragon completely misses you.
Ku-aya hits the steam dragon.
The steam dragon bites Ku-aya.
The steam dragon claws Ku-aya.
You hit the steam dragon.
The steam dragon is almost dead.
Ku-aya closely misses the steam dragon.
The steam dragon closely misses you. The steam dragon claws you.
* * * LOW HITPOINT WARNING * * *
You take 2 damage, and have 11/43 hp.
You barely miss the steam dragon.
The steam dragon is almost dead.
Ku-aya barely misses the steam dragon.
The steam dragon breathes steam at you. The ball of steam hits you!
You die...

## ##.. ... #.. ##...
###?.. ...##.... ......
...#...##....##
#.....#......#
#...........# #...........#
##....@......###
..#......D###....# ##
...#.....R.# ..# #.#.
#..###.?..## ##.# #....
#.......#..# #..###...#
#.......##.# #......# #
###.#...##.### #....####.
####.#.(....#.###.....##..
##..#.#..#.....##..##......


You could see the friendly Ku-aya the ancestor and a steam dragon (catching
breath, ally target).

Vanquished Creatures
  A scorpion (D:4)
  A hound (D:5)
  A centaur skeleton (D:5)
  An adder (D:3)
  An ufetubus (D:5)
  2 worms (D:2)
  A dart slug (D:1)
  7 orcs
  4 bats
  7 endoplasms
  4 hobgoblins (D:1)
  5 jackals
  7 kobolds
  A quokka (D:3)
  6 ball pythons
  3 frilled lizards
  8 rats
60 creatures vanquished.

Vanquished Creatures (collateral kills)
  An ice beast (D:5)
  A necrophage (D:5)
  2 centaurs (D:5)
  A hound (D:4)
  An orc priest (D:5)
  An iguana (D:4)
  3 adders
  A worm (D:4)
  An orc (D:4)
  A goblin (D:4)
  A rat (D:3)
14 creatures vanquished.

Vanquished Creatures (others)
  An ancestor (D:4)
1 creature vanquished.

Grand Total: 75 creatures vanquished

Notes
Turn   | Place    | Note
-------+----------+-------------------------------------------
     0 | D:1      | trckry the Human Wanderer began the quest for the Orb.
     0 | D:1      | trckry set off with the following items: a +0 hand axe, a
                  | +0 ring mail; and the following spell memorised: Magic
                  | Dart; and the following spells available to memorise: Call
                  | Imp, Blink, Slow, Conjure Flame, Mephitic Cloud
     0 | D:1      | Reached XP level 1. HP: 15/15 MP: 2/2
   269 | D:1      | Reached skill level 1 in Maces & Flails
   462 | D:1      | Reached XP level 2. HP: 14/21 MP: 3/3
   728 | D:1      | Reached skill level 2 in Maces & Flails
  1004 | D:1      | Reached XP level 3. HP: 21/26 MP: 4/4
  1321 | D:2      | Found a burning altar of Makhleb.
  2603 | D:2      | Reached skill level 3 in Maces & Flails
  2965 | D:3      | Reached XP level 4. HP: 26/32 MP: 5/5
  3235 | D:3      | Found a faded altar of an unknown god.
  3244 | D:3      | Became a worshipper of Hepliaklqana the Forgotten
  3244 | D:3      | Reached * piety under Hepliaklqana
  4122 | D:4      | HP: 4/28 [iguana (4)]
  4127 | D:4      | Reached XP level 5. HP: 6/33 MP: 6/6
  4405 | D:4      | Reached skill level 4 in Maces & Flails
  4812 | D:4      | Found Inihacw's Elemental Accessories.
  4817 | D:4      | Reached ** piety under Hepliaklqana
  4947 | D:4      | Found a staircase to the Ecumenical Temple.
  4959 | Temple   | Entered the Ecumenical Temple
  5329 | D:4      | Reached XP level 6. HP: 27/38 MP: 7/7
  5480 | D:5      | Entered Level 5 of the Dungeon
  5501 | D:5      | Noticed an ice beast
  5515 | D:5      | Killed an ice beast
  5516 | D:5      | Reached skill level 5 in Maces & Flails
  5666 | D:5      | Identified the ring "Xuink" {Ice rPois Will+ Dex-2}
  5677 | D:5      | Reached XP level 7. HP: 28/43 MP: 8/8
  5682 | D:5      | HP: 5/43 [ufetubus (4)]
  5927 | D:5      | Found a runed translucent door.
  5929 | D:5      | Found a runed translucent door.
  5930 | D:5      | Noticed a vampire mosquito
  6002 | D:5      | HP: 5/43 [centaur (5)]
  6003 | D:5      | Reached skill level 6 in Maces & Flails
  6599 | D:5      | Noticed a steam dragon
  6616 | D:5      | Killed from afar by a steam dragon

Illustrated notes

Levels and vault maps discovered:
D:1:      erik_arrival_triangle_huge, layout_rooms
D:2:      layout_loops_ring, basic_altar, serial_park_tiny_1, kennysheep_donut
D:3:      layout_basic, basic_ecumenical_altar
D:4:      layout_gridville, minmay_temple_entry_enclosed_plants,
          dk_noncrumbling_4, nicolae_elemental_shop
D:5:      lemuel_insect_pit, layout_cave_pools, abandoned_shop,
          kennysheep_small_spiral
Temple:   minmay_crystal_snake_temple

Skill      XL: |  1  2  3  4  5  6  7 |
---------------+----------------------+-----
Maces & Flails | 1 2 3 4 5 6 |  6.6
Shields        | 3 4 |  4.5
Fighting       | |  1.0
Axes           | |  1.0
Armour         | |  1.0
Spellcasting   | |  1.0
Summonings     | |  3.0
Ice Magic      | |  1.0

Action                   |  1- 3 |  4- 6 |  7- 9 || total
-------------------------+-------+-------+-------++-------
Melee: Hand axe          |   196 |   112 |    43 ||   351
Throw: Dart              |       |     2 |       ||     2
  Use: Potion            |       |       |     1 ||     1
 Stab: Distracted        |       |     1 |     1 ||     2
Armor: Ring mail         |    91 |    52 |    23 ||   166
Dodge: Dodged            |   101 |    43 |    29 ||   173
Block: Kite shield       |    33 |    54 |    33 ||   120
